 Dungeon Crawl Stone Soup version 0.27.1-33-g824d729ab1 (webtiles) character file.

Game seed: 16922361322042517133

8 demibob the Ruffian (level 2, 29/29 HPs)
             Began as a Troll Chaos Knight on Nov 27, 2021.
             Was a Plaything of Xom.
             Quit the game on level 1 of the Dungeon.
             The game lasted 00:00:20 (97 turns).

demibob the Ruffian (Troll Chaos Knight)              Turns: 97, Time: 00:00:20

Health: 29/29      AC:  6    Str: 19    XL:     2   Next: 0%
Magic:  1/1        EV:  9    Int:  8    God:    Xom [..*...]
Gold:   5          SH:  0    Dex:  9    Spells: 1/1 levels left

rFire    . . .     SeeInvis .     - Unarmed
rCold    . . .     Faith    .   (no shield)
rNeg     . . .     Spirit   .   a - +2 robe
rPois    .         Reflect  .   (helmet restricted)
rElec    .         Harm     .   (no cloak)
rCorr    .         Rampage  .   (gloves unavailable)
Will     .....                  (boots unavailable)
Stlth    +.........             (no amulet)
HPRegen  1.09/turn              (no ring)
MPRegen  0.07/turn              (no ring)

@: no status effects
A: large, unfitting armour, claws 3, regeneration 1, shaggy fur 1, tough skin 1
a: Renounce Religion


You were on level 1 of the Dungeon.
You worshipped Xom.
You were a toy of Xom.
You visited 1 branch of the dungeon, and saw 1 of its levels.

You collected 5 gold pieces.


Innate Abilities, Weirdness & Mutations

You are too large for most types of armour.
You have claws for hands.
Your natural rate of healing is unusually fast.
You are covered in fur. (AC +1)
You have tough skin. (AC +1)


   Skills:
 - Level 2.4 Fighting
 - Level 1.9 Dodging
 + Level 3.5 Unarmed Combat


You had one spell level left.
You didn't know any spells.
Your spell library contained the following spells:

 Spells                   Type           Power      Damage    Failure   Level
 Summon Small Mammal      Summ           0%         N/A       41%         1
 Call Canine Familiar     Summ           0%         N/A       78%         3
 Summon Guardian Golem    Hex/Summ       0%         N/A       78%         3

Inventory:

Armour
 a - a +2 robe (worn)
Scrolls
 b - a scroll of immolation {unknown}

Dungeon Overview and Level Annotations

Branches:
Dungeon (1/15)

Altars:

#...####.≈.## #...#
#P≈P.# ....#
#P.P.##### ....#
#≈≈♣..#..# ....#
#.≈...#..#
.#######+#+#'#..###
#................
#......)...#.######
..∩..∩..∩..8.@....#
.............####.#
.............#
..8..⚑..♣..8.#
..[..........#
............##
.....8..8..♣#
............
...........#


There were no monsters in sight!


Message History

No target in view!
No target in view!
No target in view!
No target in view!
No target in view!
Things that are here:
a +0 short sword; a kobold corpse
There is a stone staircase leading down here.
You open the door.
There is an open door here.
You enter the shallow water.
Moving in this stuff is going to be slow.
You open the door.
A kobold comes into view. It is wielding a +0 short sword.
The kobold shouts!
The kobold moves out of view.
Found 5 gold pieces.
Found a faded altar of an unknown god.
Found a scroll labelled OTA WIZ ARI and a leather armour.
There is an open door here.
A kobold is nearby!
You barely miss the kobold.
The kobold hits you with a +0 short sword.
You claw the kobold!
You kill the kobold!
You have reached level 2!
HP restored.
You see here a +0 short sword.
You now have 5 gold pieces.
b - a scroll labelled OTA WIZ ARI Are you sure you want to abandon this character and quit the game? (Confirm with "yes".)

Action                   || total
-------------------------++-------
Melee: Unarmed           ||    17
       Punch             ||     1
Armor: Robe              ||     8
Dodge: Dodged            ||    10

Levels and vault maps discovered:
D:1:      shiori_arrival_elements, layout_basic, serial_bayou,
          serial_bayou_pond_c, serial_bayou_lake_a, serial_bayou_shore_b,
          serial_bayou_shore_b, serial_bayou_pond_e,
          hellmonk_ecumenical_altar_arch_garden

Notes
Turn   | Place    | Note
-------+----------+-------------------------------------------
     0 | D:1      | demibob the Troll Chaos Knight began the quest for the Orb.
     0 | D:1      | Reached XP level 1. HP: 22/22 MP: 0/0
     1 | D:1      | XOM: silly message
    79 | D:1      | Found a faded altar of an unknown god.
    84 | D:1      | Reached XP level 2. HP: 25/29 MP: 1/1
    97 | D:1      | Quit the game

Vanquished Creatures
  A bat (D:1)
  An endoplasm (D:1)
  A hobgoblin (D:1)
  2 kobolds (D:1)
  2 rats (D:1)
7 creatures vanquished.

Table legend: (Time is in decaauts)
 A = Elapsed time spent in this place.
 B = Non-inter-level travel time spent in this place.
 C = Inter-level travel time spent in this place.
 D = Time resting spent in this place.
 E = Time spent auto-exploring this place.
 F = Levels seen in this place.
 G = Mean time per level.
                   A        B        C        D        E       F      G
               +--------+--------+--------+--------+--------+-----+--------+
         Total |     96 |     96 |      0 |      0 |     58 |   1 |   96.0 |
       Dungeon |     96 |     96 |      0 |      0 |     58 |   1 |   96.0 |
               +--------+--------+--------+--------+--------+-----+--------+

Top non-repeatable levels by time:
     D:1: 96 daAuts

Table legend:
 A = Non-vault XP
 B = Vault XP
 C = Vault XP percentage of total XP
 D = Non-vault monster count
 E = Vault monster count
 F = Vault count percentage of total count
                 A         B        C        D         E       F
            +---------+---------+-------+---------+---------+-------
      Total |      12 |       0 |   0.0 |       7 |       0 |   0.0
            +---------+---------+-------+---------+---------+-------
        D:1 |      12 |       0 |   0.0 |       7 |       0 |   0.0
            +---------+---------+-------+---------+---------+-------
